 Dungeon Crawl Stone Soup version 0.29.1-15-g9cfb28693d (webtiles) character file.

Game seed: 10432910803782593471

674 javelincjr the Agent of Entropy (level 7, -6/55 HPs)
             Began as a Demonspawn Abyssal Knight on Mar 24, 2023.
             Was a Priest of Lugonu.
             Mangled by an ogre
             ... wielding a +0 giant spiked club
              (18 damage)
             ... on level 5 of the Dungeon.
             The game lasted 00:21:41 (4367 turns).

javelincjr the Agent of Entropy (DsAK)              Turns: 4367, Time: 00:21:42

Health: -6/55      AC: 10    Str: 14    XL:     7   Next: 33%
Magic:  10/10      EV: 11    Int: 13    God:    Lugonu [***...]
Gold:   112        SH:  5    Dex: 13    Spells: 9/9 levels left

rFire   . . .      SeeInvis .   a - +1 hand axe
rCold   . . .      Faith    .   (no shield)
rNeg    . . .      Spirit   .   i - +0 ring mail
rPois   .          Reflect  +   (helmet restricted)
rElec   .          Harm     .   (no cloak)
rCorr   .          Rampage  .   m - +1 pair of gloves
Will    .....                   (no boots)
Stlth   +.........              k - amulet of reflection
HPRegen 2.18/turn               (no ring)
MPRegen 0.12/turn               (no ring)

@: no status effects
A: horns 2, icy blue scales 2, powered by death 2
a: Renounce Religion, Depart the Abyss, Bend Space, Banish


You were on level 5 of the Dungeon.
You worshipped Lugonu.
Lugonu was most pleased with you.
You visited 1 branch of the dungeon, and saw 5 of its levels.
You visited the Abyss 1 time.

You collected 167 gold pieces.
You spent 55 gold pieces at shops.

Inventory:

Hand Weapons
 a - a +1 hand axe (weapon)
 o - a +2 sling of freezing
Missiles
 l - 3 boomerangs
 q - 18 poisoned darts
Armour
 b - a +0 leather armour
 i - a +0 ring mail (worn)
 m - a +1 pair of gloves (worn)
Jewellery
 k - an amulet of reflection (around neck)
Scrolls
 c - a scroll of brand weapon
 e - 2 scrolls of teleportation
 g - a scroll of noise
 j - a scroll of poison
 r - a scroll of butterflies {unknown}
 t - a scroll of fear {unknown}
 v - a scroll of identify
Potions
 d - a potion of degeneration
 f - a potion of magic
 h - a potion of curing
 n - a potion of mutation {unknown}
 p - 2 potions of ambrosia {unknown}
 u - a potion of flight
 w - a potion of cancellation {unknown}


   Skills:
 + Level 4.5 Fighting
 + Level 3.5 Axes
 + Level 3.6 Armour
 + Level 3.0 Dodging
 + Level 1.6 Spellcasting
 + Level 5.1 Invocations


You had 9 spell levels left.
You didn't know any spells.
Your spell library contained the following spells:

 Spells                   Type           Power      Damage    Failure   Level
 Shock                    Conj/Air       4%         1d3       47%         1
 Swiftness                Air            1%         N/A       85%         3
 Airstrike                Air            0%         2d(1-17)  99%         4


Dungeon Overview and Level Annotations

Branches:
Dungeon (5/15)
 Temple: D:4-7

Altars:
Fedhas
Gozag
Okawaru

Shops:
D:2 ?


Innate Abilities, Weirdness & Mutations

You have a pair of horns on your head.
You are mostly covered in icy blue scales. (AC +3)
You regenerate health from kills.


Message History

The orc closely misses you.
The orc priest hits you but does no damage.
The orc hits you with a +0 short sword. The orc priest misses you.
You slash the orc priest!
The orc priest is heavily wounded.
You closely miss the orc. The orc hits you with a +0 short sword.
You block the orc priest's attack.
You hit the orc priest but do no damage.
The orc priest is heavily wounded.
You hit the orc.
You kill the orc!
Lugonu accepts your kill. The orc priest closely misses you.
You barely miss the orc priest.
The orc priest is heavily wounded.
You hit the orc but do no damage. The orc hits you with a +0 club.
The orc priest mumbles some strange prayers to Beogh against you.
Beogh smites you!
* * * LOW HITPOINT WARNING * * *
You closely miss the orc priest.
The orc priest is heavily wounded.
You barely miss the orc. The orc closely misses you.
The orc priest hits you but does no damage.
You closely miss the orc priest. You headbutt the orc priest.
The orc priest is heavily wounded.
You hit the orc. You block the orc's attack.
The orc priest hits you with a +0 short sword.
* * * LOW HITPOINT WARNING * * *
You hit the orc priest. Your headbutt misses the orc priest.
The orc priest is severely wounded.
You barely miss the orc. The orc completely misses you.
The orc priest hits you but does no damage.
You hit the orc priest but do no damage.
You headbutt the orc priest.
You kill the orc priest!
Lugonu accepts your kill.
You barely miss the orc. The orc closely misses you.
The ogre attacks as you move away!
The ogre hits you with a +0 giant spiked club!!
You die...

#..... #......###..
.##.... #...........
........## #..##.......
.........# ##..####.....
........## #............
#.......#
###............
#......###...#########..
#....O)#...## #..
#....#@...## #..
##..)###o.## #..
#.oO###...## ##..
.......)##.....## ##...
.......##....#..## #..##
...........####..##
##.## ........... ##..##
##..# ...........
##..###..## ..........
##..#...#


You could see an ogre and an orc.

Vanquished Creatures
  Sigmund (D:2)
  A wyvern (D:4)
  A scorpion (D:5)
  A hound (D:5)
  An orc priest (D:5)
  3 jellies (D:4)
  Robin (D:2)
  4 adders
  3 worms
  6 dart slugs
  6 orcs
  7 ball pythons
  11 endoplasms
  3 giant cockroaches (D:1)
  12 goblins
  14 hobgoblins
  9 kobolds
  4 quokkas
  4 bats
  6 frilled lizards
  9 rats
107 creatures vanquished.

Vanquished Creatures (others)
  A plant (D:2)
1 creature vanquished.

Grand Total: 108 creatures vanquished

Notes
Turn   | Place    | Note
-------+----------+-------------------------------------------
     0 | Abyss:1  | javelincjr the Demonspawn Abyssal Knight began the quest
                  | for the Orb.
     0 | Abyss:1  | Reached XP level 1. HP: 18/18 MP: 2/2
    60 | Abyss:1  | Noticed a worldbinder
    63 | Abyss:1  | Noticed a large abomination
    69 | Abyss:1  | Noticed a demonic crawler
   135 | Abyss:1  | Noticed a brown very ugly thing
   160 | Abyss:2  | Noticed a large abomination
   163 | Abyss:2  | Noticed a small abomination
   178 | Abyss:2  | Found a corrupted altar of Lugonu.
   201 | Abyss:2  | Noticed an angel
   218 | D:1      | Escaped the Abyss
   318 | D:1      | Reached skill level 1 in Dodging
   322 | D:1      | Reached ** piety under Lugonu
   434 | D:1      | Gained mutation: You regenerate a little health from kills.
                  | [demonic ancestry]
   434 | D:1      | Reached XP level 2. HP: 24/24 MP: 4/4
   478 | D:1      | Found a faded altar of an unknown god.
   756 | D:1      | Gained mutation: You have a pair of small horns on your
                  | head. [demonic ancestry]
   756 | D:1      | Reached XP level 3. HP: 22/29 MP: 5/5
   861 | D:1      | Reached skill level 3 in Invocations
  1428 | D:2      | Found Getzoh's Magic Scroll Emporium.
  1435 | D:2      | Bought a scroll of identify for 22 gold pieces
  1435 | D:2      | Bought a scroll of teleportation for 33 gold pieces
  1453 | D:2      | Noticed Sigmund
  1595 | D:2      | Gained mutation: You have a pair of horns on your head.
                  | [demonic ancestry]
  1595 | D:2      | Reached XP level 4. HP: 24/35 MP: 6/6
  1732 | D:2      | Killed Sigmund
  1733 | D:2      | Reached skill level 4 in Invocations
  1733 | D:2      | Gained mutation: You are partially covered in icy blue
                  | scales. (AC +2) [demonic ancestry]
  1733 | D:2      | Reached XP level 5. HP: 24/42 MP: 6/8
  2353 | D:2      | Noticed Robin
  2360 | D:2      | Reached *** piety under Lugonu
  2382 | D:2      | Killed Robin
  2383 | D:2      | Gained mutation: You are mostly covered in icy blue scales.
                  | (AC +3) [demonic ancestry]
  2383 | D:2      | Reached XP level 6. HP: 48/48 MP: 9/9
  2931 | D:3      | Found a blossoming altar of Fedhas.
  2931 | D:3      | Found an iron altar of Okawaru.
  3092 | D:4      | Found an opulent altar of Gozag.
  3111 | D:4      | Noticed a wyvern
  3579 | D:4      | Killed a wyvern
  3580 | D:4      | Reached skill level 1 in Spellcasting
  3580 | D:4      | Gained mutation: You regenerate health from kills. [demonic
                  | ancestry]
  3580 | D:4      | Reached XP level 7. HP: 14/55 MP: 10/10
  4050 | D:5      | Entered Level 5 of the Dungeon
  4072 | D:5      | Reached skill level 5 in Invocations
  4367 | D:5      | Mangled by an ogre

Illustrated notes

Levels and vault maps discovered:
D:1:      minmay_arrival_nine_rooms, layout_rooms,
          dreamdust_ecumenical_altar_angels_and_demons, minmay_3d_cube
D:2:      layout_loops_cross, serial_shops, shop, serial_rivers,
          chequers_serial_rivers_room_b, chequers_serial_rivers_marsh,
          chequers_serial_rivers_large_a, chequers_serial_rivers_room_b,
          serial_bayou_pond_a, minmay_misc_feat_ornament, uniq_sigmund,
          uniq_robin
D:3:      layout_rooms, nicolae_overflow_two_pavilions
D:4:      layout_loops_ring, mainiacjoe_overflow_large_starburst,
          hangedman_decor_lopped, kennysheep_cross_room, serial_park_tiny_1,
          chequers_serial_rivers_micro_c, corexii_item_surrounded_by_moat,
          fountainhead
D:5:      layout_layer_cave, minmay_temple_entry_glass,
          eino_small_chamber_without_monster

Skill      XL: |  1  2  3  4  5  6  7 |
---------------+----------------------+-----
Dodging        | 1 2 3 |  3.0
Armour         | 2 3 |  3.6
Axes           | 2 3 |  3.5
Invocations    | 3 4 5 |  5.1
Fighting       | 4 |  4.5
Spellcasting   | 1 |  1.6

Action                   |  1- 3 |  4- 6 |  7- 9 || total
-------------------------+-------+-------+-------++-------
Melee: Hand axe          |   121 |   163 |    44 ||   328
       Punch             |     1 |     3 |       ||     4
       Headbutt          |    11 |    31 |    10 ||    52
Invok: Depart the Abyss  |     1 |       |       ||     1
  Use: Potion            |       |     4 |     1 ||     5
       Scroll            |       |     4 |       ||     4
Armor: Leather armour    |    31 |       |       ||    31
       Ring mail         |     9 |    44 |    22 ||    75
Dodge: Dodged            |    63 |    72 |    30 ||   165
Block: Other             |    10 |    34 |    15 ||    59
       Reflection        |       |     4 |     1 ||     5
